 Dungeon Crawl Stone Soup version 0.17.1-2-g5865329 (webtiles) character file.

40368 MirrMurr the Thaumaturge (level 13, -6/66 HPs)
             Began as a Spriggan Enchanter on Jan 24, 2016.
             Was a High Priest of Ashenzari.
             Mangled by Kirke (11 damage)
             ... on level 6 of the Lair of Beasts on Jan 26, 2016.
             The game lasted 01:06:51 (19756 turns).

MirrMurr the Thaumaturge (Spriggan Enchanter)      Turns: 19756, Time: 01:06:51

Health: -6/66      AC:  5    Str:  4    XL:     13   Next: 74%
Magic:  30/32      EV: 31    Int: 25    God:    Ashenzari [*****.]
Gold:   1261       SH:  8    Dex: 21    Spells: 5 memorised, 26 levels left

rFire  . . .     SeeInvis +     q - +3 dagger of the Lost Nights {pierce, Int+4 Dex+4} (curse)
rCold  . . .     Clarity  +     b - +2 robe (curse)
rNeg   . . .     SustAt   .     F - +0 buckler
rPois  .         Gourm    .     (helmet restricted)
rElec  .         Spirit   .     B - +0 cloak (curse)
rCorr  .         Warding  .     (gloves unavailable)
rMut   .         Stasis   .     (boots unavailable)
MR     ++...                    (no amulet)
Stlth  +++++++...               (no ring)
                                T - +1 ring of evasion

@: very quick, very resistant to hostile enchantments, extremely stealthy
A: unfitting armour, see invisible, herbivore 3, speed 3, slow metabolism 2
a: Scrying, Transfer Knowledge, Renounce Religion


You were on level 6 of the Lair of Beasts.
You worshipped Ashenzari.
Ashenzari was extremely pleased with you.
You were not hungry.

You visited 3 branches of the dungeon, and saw 17 of its levels.
You also visited: Ossuary and Volcano.

You collected 1261 gold pieces.

Inventory:

Hand Weapons
 a - a +2 dagger
 q - the cursed +3 dagger of the Lost Nights (weapon) {pierce, Int+4 Dex+4}
   (You found it on level 8 of the Dungeon)

   It inflicts extra damage upon your enemies.
   It affects your intelligence (+4).
   It affects your dexterity (+4).
   It has a curse placed upon it.
 u - a +2 rapier of electrocution
 I - a +3 dagger of speed
Missiles
 e - 568 stones
 i - 6 poisoned tomahawks (quivered)
 l - 87 poisoned needles
 s - 4 needles of sleeping
 H - 5 tomahawks
Armour
 b - a cursed +2 robe (worn)
 B - a cursed +0 cloak (worn)
 E - the cursed +1 robe of the Enchanted Forest {rPois}
   (You acquired it on level 7 of the Dungeon)

   It protects you from poison.
   It has a curse placed upon it.
 F - a +0 buckler (worn)
 Q - a cursed +2 cloak of invisibility
Jewellery
 T - a +1 ring of evasion (left hand)
Wands
 p - a wand of digging (11)
 z - a wand of lightning (3)
 D - a wand of teleportation (3)
 K - a wand of polymorph (11)
 U - a wand of confusion (24)
Scrolls
 g - 5 scrolls of enchant armour
 h - 5 scrolls of teleportation
 n - a scroll of curse jewellery
 v - 2 scrolls of enchant weapon
 w - 6 scrolls of recharging
 x - 5 scrolls of fog
 C - a scroll of magic mapping
 G - 3 scrolls of curse armour
 L - a scroll of curse weapon
 M - a scroll of amnesia
Potions
 c - 2 potions of agility
 f - 4 potions of heal wounds
 j - 3 potions of flight
 k - 9 potions of curing
 m - 2 potions of haste
 o - 5 potions of brilliance
 r - a potion of magic
 P - a potion of invisibility
Books
 y - a book of Clouds

   Spells                             Type                      Level
   a - Mephitic Cloud                 Conjuration/Poison/Air       3
   b - Conjure Flame                  Conjuration/Fire             3
   c - Poisonous Cloud                Conjuration/Poison/Air       6
   d - Freezing Cloud                 Conjuration/Ice/Air          6
   e - Ring of Flames                 Charms/Fire                  7
 A - a book of Envenomations

   Spells                             Type                      Level
   a - Spider Form                    Transmutation/Poison         3
   b - Alistair's Intoxication        Transmutation/Poison         4
   c - Olgreb's Toxic Radiance        Poison                       4
   d - Poisonous Cloud                Conjuration/Poison/Air       6
 O - a book of Necromancy

   Spells                             Type                      Level
   a - Pain                           Necromancy                   1
   b - Animate Skeleton               Necromancy                   1
   c - Vampiric Draining              Necromancy                   3
   d - Regeneration                   Charms/Necromancy            3
   e - Animate Dead                   Necromancy                   4
   f - Control Undead                 Necromancy                   4
 S - a book of the Warp

   Spells                             Type                      Level
   a - Recall                         Summoning/Translocation      3
   b - Gell's Gravitas                Hexes/Translocation          3
   c - Force Lance                    Conjuration/Translocation    4
   d - Phase Shift                    Translocation                5
   e - Warp Weapon                    Charms/Translocation         5
   f - Summon Forest                  Summoning/Translocation      5
Miscellaneous
 R - a crystal ball of energy
Comestibles
 d - 8 bread rations
 t - 17 fruits
 N - 4 slices of pizza


   Skills:
 - Level 6.9 Fighting
 - Level 9.2(13.1) Short Blades
 - Level 9.4(12.0) Dodging
 - Level 12.7(15.0) Stealth
 - Level 3.9 Shields
 - Level 14.2 Spellcasting
 + Level 1.7 Conjurations
 - Level 12.6 Hexes
 + Level 2.0 Fire Magic
 + Level 2.0 Ice Magic
 + Level 2.3 Air Magic
 + Level 2.4 Poison Magic


You had 26 spell levels left.
You knew the following spells:

 Your Spells              Type           Power        Failure   Level  Hunger
a - Ensorcelled Hibernat  Hex/Ice        ######       1%          2    None
b - Confuse               Hex            ######..     1%          3    None
c - Conjure Flame         Conj/Fire      ####....     8%          3    None
d - Dazzling Spray        Conj/Hex       ######..     1%          3    None
m - Mephitic Cloud        Conj/Pois/Air  ####....     6%          3    None


Dungeon Overview and Level Annotations

Branches:
Dungeon (9/15)             Temple (1/1) D:5            Lair (7/8) D:9
 Shoals (0/4) Lair:6        Snake (0/4) Lair:5          Orc (0/4) D:9
  Slime: Lair:6-8

Altars:
Ashenzari
Cheibriados
Dithmenos
Elyvilon
Fedhas
Gozag
Kikubaaqudgha
Makhleb
Nemelex Xobeh
Okawaru
Qazlal
Ru
Sif Muna
Trog
Vehumet
Xom
Yredelemnul
Zin
The Shining One

Annotations:
Lair:6 Kirke


Innate Abilities, Weirdness & Mutations

You are tiny and cannot use many weapons and most armour.
You have supernaturally acute eyesight.
You are a herbivore.
You cover ground extremely quickly.
You need consume almost no food.


Message History

Kirke casts a spell at you.
You easily resist.
The hog barely misses you.
Drink which item? (? for menu, Esc to quit)
Your magical effects are unravelling.
You feel magically purged.
Your transformation has ended.
The cursed +3 dagger of the Lost Nights {pierce, Int+4 Dex+4} unmelds from your body.
Your cursed +0 cloak unmelds from your body.
Your +0 buckler unmelds from your body.
Your cursed +2 robe unmelds from your body.
Your +1 ring of evasion unmelds from your body.
You feel yourself speed up. The harpy completely misses you.
The harpy closely misses you. The hog completely misses you.
You block the hog's attack. The harpy barely misses you.
The harpy completely misses you. The hog closely misses you.
You block the hog's attack. The hog completely misses you. The hog misses you.
Kirke throws some mysterious powder.
Kirke hits you!
You die...

### ### ## ##P####.### ########
P###.........# #.##...######## #
.#.........[## ##...........P# #
#..##........####...........#####
..####......+..#...........#..P#P
P.# #P.........hP@............>..
P.###.......#.Hh@H.........#.#..+
#.##.........##hhh.........######
######......####H..........# # .#
#.....h## #...........# ## ##
#....h..# #####..'##.## #. #
#......## #.#.#### ## # #.hP#..#
##..## ## ### #.h##### ##..# ##.
.P# ##..##### ##..## #..


You could see Kirke, a manticore, 2 harpies and 5 hogs.

Vanquished Creatures
  Rupert (Lair:6)
  A naga warrior (Lair:5)
  A catoblepas (Lair:6)
  2 hydras (Lair:5)
  A death yak (Lair:7)
  A hill giant (D:9)
  A necromancer (Lair:2)
  7 elephants
  A sphinx skeleton (Volcano)
  A griffon (Lair:7)
  3 black mambas
  A torpor snail (Lair:6)
  7 spiny frogs
  A guardian mummy (Volcano)
  4 komodo dragons
  Prince Ribbit (Lair:3)
  A minotaur skeleton (Volcano)
  8 blink frogs
  A deep elf mage (D:9)
  2 wraiths (Ossuary)
  Sigmund (D:3)
  A flying skull (Volcano)
  A wyvern (Lair:2)
  13 yaks
  A human (D:9)
  Eustachio (D:4)
  9 hippogriffs
  A vampire (Volcano)
  Menkaure (D:7)
  5 nagas (Lair:5)
  3 wolves (Lair:3)
  9 water moccasins
  The ghost of schorsch312 the Conjurer, an amateur HECj (D:3)
  6 porcupines
  Duvessa (D:4)
  8 ogres
  2 black bears (D:8)
  2 merfolk skeletons (Volcano)
  8 orc warriors
  An ice beast (D:7)
  4 necrophages
  A sky beast (D:6)
  2 manticore skeletons (Volcano)
  3 big kobolds
  6 centaurs
  15 giant frogs
  10 crocodiles
  Dowan (D:4)
  A water moccasin zombie (D:5)
  A wyvern skeleton (D:9)
  A gnoll sergeant (D:7)
  3 scorpions
  2 spriggan skeletons (Volcano)
  A troll skeleton (Volcano)
  4 giant frog zombies
  3 electric eels (D:9)
  2 crimson imps
  5 wights
  2 jellies
  8 orc priests
  4 centaur zombies (D:5)
  Crazy Yiuf (D:6)
  A centaur skeleton (D:5)
  Ijyb (D:3)
  2 two-headed ogre skeletons (Volcano)
  5 iguanas
  6 worker ants
  3 giant frog skeletons (D:5)
  A yak simulacrum (Lair:2)
  5 hounds
  4 polar bear simulacra (Lair:2)
  2 orc wizards
  22 sheep
  3 wolf simulacra (Lair:2)
  A hound zombie (D:7)
  An ogre skeleton (Volcano)
  5 mummies
  2 hound skeletons
  2 worker ant zombies (D:5)
  15 gnolls
  29 river rats
  12 adders
  A shadow imp (D:6)
  An ooze (D:4)
  5 adder zombies
  6 adder skeletons
  3 worms
  7 giant geckos
  37 orcs
  A ball python (D:5)
  6 giant cockroaches
  7 hobgoblins
  9 jackals
  18 kobolds
  5 quokkas
  11 bats
  A giant cockroach zombie (D:5)
  A giant gecko skeleton (D:5)
  4 giant newts
  7 goblins
  3 hobgoblin skeletons (Ossuary)
  2 hobgoblin zombies (Ossuary)
  An orc skeleton (Ossuary)
  3 orc zombies (Ossuary)
  A quokka skeleton (D:5)
  3 quokka zombies (D:5)
  5 rats
  3 river rat simulacra (Lair:2)
474 creatures vanquished.

Vanquished Creatures (others)
  2 bushes (Lair:7)
  13 fungi
  3 plants
18 creatures vanquished.

Grand Total: 492 creatures vanquished

Notes
Turn   | Place    | Note
--------------------------------------------------------------
     0 | D:1      | MirrMurr the Spriggan Enchanter began the quest for the Orb.
     0 | D:1      | Reached XP level 1. HP: 9/9 MP: 5/5
   111 | D:1      | Reached skill level 5 in Stealth
   215 | D:1      | Reached XP level 2. HP: 13/13 MP: 6/6
   219 | D:1      | Learned a level 2 spell: Ensorcelled Hibernation
   230 | D:1      | Found a shattered altar of Ashenzari.
   244 | D:1      | Became a worshipper of Ashenzari the Shackled
   786 | D:2      | Reached skill level 6 in Stealth
   943 | D:2      | Reached XP level 3. HP: 14/16 MP: 6/8
   950 | D:2      | Learned a level 3 spell: Confuse
  1567 | D:2      | Reached skill level 7 in Stealth
  1596 | D:2      | Reached XP level 4. HP: 18/21 MP: 3/9
  1785 | D:3      | Found a radiant altar of Vehumet.
  1863 | D:3      | Noticed Ijyb
  1879 | D:3      | Killed Ijyb
  1899 | D:3      | Noticed Sigmund
  1939 | D:3      | Killed Sigmund
  1939 | D:3      | Reached skill level 9 in Stealth
  1939 | D:3      | Reached XP level 5. HP: 24/24 MP: 6/12
  1939 | D:3      | Reached XP level 6. HP: 28/28 MP: 6/13
  1945 | D:3      | Learned a level 3 spell: Dazzling Spray
  1949 | D:3      | Reached * piety under Ashenzari
  2046 | D:3      | Noticed schorsch312's ghost (amateur HECj)
  2055 | D:3      | Killed schorsch312's ghost
  2055 | D:3      | Reached skill level 10 in Stealth
  2133 | D:3      | Found a shattered altar of Ashenzari.
  2141 | D:3      | Reached skill level 5 in Spellcasting
  2275 | D:3      | Found an ancient bone altar of Kikubaaqudgha.
  2276 | D:3      | Found a blossoming altar of Fedhas.
  2606 | D:4      | Reached XP level 7. HP: 22/32 MP: 14/16
  2651 | D:4      | Noticed Dowan
  2711 | D:4      | Noticed Duvessa
  2748 | D:4      | Killed Duvessa
  2748 | D:4      | Reached skill level 11 in Stealth
  2758 | D:4      | Killed Dowan
  3377 | D:4      | Noticed Eustachio
  3729 | D:4      | Killed Eustachio
  3729 | D:4      | Reached skill level 12 in Stealth
  3817 | D:4      | Reached XP level 8. HP: 31/36 MP: 13/18
  3910 | D:5      | Entered Level 5 of the Dungeon
  3988 | D:5      | Learned a level 3 spell: Conjure Flame
  3992 | D:5      | Learned a level 3 spell: Mephitic Cloud
  4220 | D:5      | Found a stormy altar of Qazlal.
  4294 | D:5      | Found a staircase to the Ecumenical Temple.
  4329 | Temple   | Entered the Ecumenical Temple
  4457 | D:5      | Reached skill level 5 in Hexes
  4647 | D:5      | Identified the +6 chain mail of Fown {rPois rN+}
  4944 | D:6      | Found a shadowy altar of Dithmenos.
  4944 | D:6      | Found a glowing golden altar of the Shining One.
  5156 | D:6      | Reached ** piety under Ashenzari
  5215 | D:6      | Reached XP level 9. HP: 16/38 MP: 19/22
  5685 | D:6      | Found an opulent altar of Gozag.
  5849 | D:6      | Noticed Crazy Yiuf
  5853 | D:6      | Killed Crazy Yiuf
  5944 | D:6      | Found a snail-covered altar of Cheibriados.
  6040 | D:7      | Found a sand-covered staircase.
  6046 | Ossuary  | Entered an ossuary
  6317 | D:7      | Identified a scroll of acquirement
  6317 | D:7      | Identified the cursed +1 robe of the Enchanted Forest {rPois} (You acquired it on level 7 of the Dungeon)
  6358 | D:7      | Noticed Menkaure
  6828 | D:7      | Reached skill level 10 in Hexes
  7327 | D:7      | Reached skill level 10 in Spellcasting
  7752 | D:7      | Reached XP level 10. HP: 43/43 MP: 11/25
  7873 | D:7      | Killed Menkaure
  7892 | D:7      | Found a glowing silver altar of Zin.
  8129 | D:8      | Reached *** piety under Ashenzari
  8287 | D:8      | Identified the +3 dagger of the Lost Nights {pierce, Int+4 Dex+4}
  9374 | D:9      | Found a sacrificial altar of Ru.
  9450 | D:9      | Identified the +3 mace "Qateik" {crush, *Drain rPois MP+9 Dex+3}
  9529 | D:9      | Found an iron altar of Okawaru.
 10093 | D:9      | Identified the +9 plate armour of the Barber Surgeon {MR+ Int+4} (You took it off an orc on level 9 of the Dungeon)
 10219 | D:9      | Found a staircase to the Lair.
 10500 | D:9      | Found a staircase to the Orcish Mines.
 10983 | D:9      | Noticed a hill giant
 10986 | D:9      | Killed a hill giant
 10986 | D:9      | Reached skill level 5 in Short Blades
 10986 | D:9      | Reached XP level 11. HP: 46/46 MP: 27/27
 10989 | D:9      | Found a burning altar of Makhleb.
 11491 | Lair:1   | Entered Level 1 of the Lair of Beasts
 11720 | Lair:1   | Reached **** piety under Ashenzari
 12537 | Lair:2   | Found a dark tunnel.
 12560 | Volcano  | Entered a volcano
 13290 | Volcano  | Reached XP level 12. HP: 43/62 MP: 25/29
 13893 | Lair:2   | Noticed a necromancer
 13898 | Lair:2   | Killed a necromancer
 14609 | Lair:3   | Noticed Prince Ribbit
 14626 | Lair:3   | Killed Prince Ribbit
 14631 | Lair:3   | Reached skill level 1 in Shields
 14651 | Lair:3   | Reached ***** piety under Ashenzari
 14845 | Lair:3   | Reached skill level 13 in Spellcasting
 15650 | Lair:4   | Reached XP level 13. HP: 66/66 MP: 26/31
 15774 | Lair:4   | Reached skill level 5 in Dodging
 17056 | Lair:5   | HP: 1/66 [eight-headed hydra (17)]
 17563 | Lair:5   | Found a staircase to the Snake Pit.
 17737 | Lair:5   | Reached skill level 14 in Spellcasting
 18020 | Lair:6   | Noticed Kirke
 18129 | Lair:6   | Found a staircase to the Shoals.
 18476 | Lair:6   | Noticed Rupert
 18652 | Lair:6   | Reached skill level 1 in Fire Magic
 18961 | Lair:6   | Killed Rupert
 18961 | Lair:6   | Reached skill level 1 in Conjurations
 18961 | Lair:6   | Reached skill level 1 in Ice Magic
 18961 | Lair:6   | Reached skill level 1 in Air Magic
 18961 | Lair:6   | Reached skill level 1 in Poison Magic
 19756 | Lair:6   | Mangled by Kirke

Action                   |  1- 3 |  4- 6 |  7- 9 | 10-12 | 13-15 || total
-------------------------+-------+-------+-------+-------+-------++-------
Melee: Dagger            |    86 |    73 |   401 |   414 |   186 ||  1160
       Unarmed           |       |       |       |       |     3 ||     3
Throw: Tomahawk          |       |       |    10 |     4 |       ||    14
 Cast: Ensorcelled Hiber |     9 |    10 |    31 |   120 |    79 ||   249
       Confuse           |       |     3 |    32 |    46 |     4 ||    85
       Dazzling Spray    |       |       |    41 |    22 |    27 ||    90
       Mephitic Cloud    |       |       |     1 |       |       ||     1
Evoke: Wand              |       |       |       |       |     1 ||     1
  Use: Scroll            |    10 |       |     8 |    14 |     3 ||    35
       Potion            |       |       |       |     3 |     1 ||     4
 Stab: Sleeping          |    20 |    15 |    60 |   105 |    70 ||   270
       Confused          |       |     3 |    23 |    19 |     3 ||    48
       Invisible         |       |       |     9 |     5 |     7 ||    21
       Distracted        |       |       |       |     2 |       ||     2
  Eat: Bread ration      |       |     1 |       |     1 |       ||     2
       Fruit             |       |       |     1 |       |       ||     1
       Pizza             |       |       |       |     5 |       ||     5
